 Dungeon Crawl Stone Soup version 0.30-a0-149-g7f746667c4 (webtiles) character file.

Game seed: 17782419728330709489

151 purpskrrrp the Ruffian (level 5, -11/48 (50) HPs)
             Began as a Troll Fighter on Sept 26, 2022.
             Mangled by Crazy Yiuf
             ... wielding a +3 quarterstaff of chaos
              (22 damage)
             ... on level 3 of the Dungeon.
             The game lasted 00:02:44 (1928 turns).

purpskrrrp the Ruffian (Troll Fighter)              Turns: 1928, Time: 00:02:44

HP:   -11/48 (50)   AC:  4    Str: 26    XL:     5   Next: 10%
MP:   4/4           EV:  8    Int:  4    God:
Gold: 127           SH:  7    Dex:  9    Spells: 4/4 levels left

rFire   . . .      SeeInvis .      - Unarmed
rCold   . . .      Faith    .    b - +0 kite shield
rNeg    . . .      Spirit   .    a - +0 robe
rPois   .          Reflect  .    (helmet restricted)
rElec   .          Harm     .    (no cloak)
rCorr   .          Rampage  .    (gloves unavailable)
Will    .....                    (boots unavailable)
Stlth   +.........               (no amulet)
HPRegen 0.96/turn                (no ring)
MPRegen 0.09/turn                (no ring)

@: mighty, lightly drained
A: large, unfitting armour, claws 3, regeneration 1, shaggy fur 1, tough skin 1
a: no special abilities


You were on level 3 of the Dungeon.
You visited 1 branch of the dungeon, and saw 3 of its levels.

You collected 127 gold pieces.

Inventory:

Armour
 a - a +0 robe (worn)
 b - a +0 kite shield (worn)
Jewellery
 q - the ring of the Villain {*Corrode rPois rF++ EV+4}
   (You found it on level 3 of the Dungeon)

   [ring of evasion]

   EV:        It affects your evasion (+4).
   rF:        It greatly protects you from fire.
   rPois:     It protects you from poison.
   *Corrode:  It may corrode you when you take damage.
Scrolls
 e - 7 scrolls of identify {unknown}
 h - a scroll of noise {unknown}
 k - a scroll of teleportation {unknown}
 m - a scroll of vulnerability {unknown}
 n - a scroll of brand weapon {unknown}
 o - a scroll of fear {unknown}
 p - a scroll of acquirement {unknown}
Potions
 c - a potion of might
 d - a potion of curing {unknown}
 f - a potion of flight {unknown}
 g - 2 potions of berserk rage {unknown}
 i - 2 potions of lignification {unknown}
 j - a potion of attraction {unknown}
 l - a potion of heal wounds {unknown}


   Skills:
 - Level 2.4 Fighting
 - Level 2.4 Dodging
 - Level 2.6 Shields
 + Level 5.3 Unarmed Combat


You had 4 spell levels left.
You didn't know any spells.
Your spell library contained the following spells:

 Spells                   Type           Power      Damage    Failure   Level
 Shock                    Conj/Air       0%         1d3       80%         1
 Cigotuvi's Dreadful Rot  Necr/Pois/Air  0%         N/A       91%         2
 Poisonous Vapours        Pois/Air       0%         N/A       91%         2
 Stone Arrow              Conj/Erth      0%         3d7       99%         3
 Swiftness                Air            0%         N/A       99%         3
 Airstrike                Air            0%         2d(0-16)  100%        4
 Animate Armour           Summ/Erth      0%         N/A       100%        4
 Lehudib's Crystal Spear  Conj/Erth      0%         10d2      100%        8


Dungeon Overview and Level Annotations

Branches:
Dungeon (3/15)

Altars:
Vehumet

Annotations:
D:3 Crazy Yiuf


Innate Abilities, Weirdness & Mutations

You are too large for most types of armour.
You have claws for hands.
Your natural rate of healing is unusually fast.
You are covered in fur. (AC +1)
You have tough skin. (AC +1)


Message History

There is an open door here.
You see here a ball python corpse.
Found an escape hatch in the ceiling.
There is an escape hatch in the ceiling here.
Found a stone staircase leading up.
Found a stone staircase leading down.
There is a stone staircase leading up here.
There is a stone staircase leading down here.
There is a stone staircase leading up here.
You see here a +0 pair of boots.
q - the ring of the Villain {*Corrode rPois rF++ EV+4} You see here a +0 ring mail.
You see here a +0 flail.
Crazy Yiuf shouts!
Crazy Yiuf flaps his cloak.
Could not explore, unopened runed door.
Could not explore, unopened runed door.
Could not explore, unopened runed door.
No reachable target in view!
You open the door.
Crazy Yiuf drinks a potion.
Crazy Yiuf seems to grow stronger.
You scratch Crazy Yiuf but do no damage.
Crazy Yiuf hits you with a +3 quarterstaff of chaos.
You barely miss Crazy Yiuf. You block Crazy Yiuf's attack.
You claw Crazy Yiuf!
Crazy Yiuf is heavily wounded.
Crazy Yiuf says, "Iron testudinal leg!"
Crazy Yiuf closely misses you.
You scratch Crazy Yiuf but do no damage.
Crazy Yiuf is heavily wounded.
Crazy Yiuf hits you with a +3 quarterstaff of chaos!
You feel drained.
You claw Crazy Yiuf!
Crazy Yiuf is almost dead.
Crazy Yiuf hits you with a +3 quarterstaff of chaos!
* * * LOW HITPOINT WARNING * * *
You feel very mighty all of a sudden.
Crazy Yiuf screams, "Rot pontify shrimp!"
Crazy Yiuf hits you with a +3 quarterstaff of chaos!!
You die...

##### ###### ###
....###....## ###..)#
....##......####@g...#
.............#..##...#
########....#.### ###
...<...########
...#.#.# .....#.###
.#.###.#.############
.........>..........#
...#####..#########.#


You could see Crazy Yiuf (strong).

Vanquished Creatures
  An orc priest (D:3)
  Jessica (D:3)
  2 adders (D:3)
  4 orcs (D:3)
  5 bats
  7 endoplasms (D:1)
  2 giant cockroaches (D:1)
  4 goblins
  12 hobgoblins
  4 jackals (D:2)
  3 quokkas
  8 ball pythons
  3 frilled lizards
  5 kobolds
  4 rats (D:1)
65 creatures vanquished.

Vanquished Creatures (others)
  A plant (D:3)
1 creature vanquished.

Grand Total: 66 creatures vanquished

Notes
Turn   | Place    | Note
-------+----------+-------------------------------------------
     0 | D:1      | purpskrrrp the Troll Fighter began the quest for the Orb.
     0 | D:1      | Reached XP level 1. HP: 22/22 MP: 0/0
   129 | D:1      | Reached XP level 2. HP: 29/29 MP: 1/1
   166 | D:1      | Reached skill level 3 in Unarmed Combat
   352 | D:1      | Reached XP level 3. HP: 13/36 MP: 2/2
   888 | D:2      | Reached skill level 4 in Unarmed Combat
  1248 | D:3      | Reached XP level 4. HP: 19/44 MP: 3/3
  1420 | D:3      | Found a runed translucent door.
  1421 | D:3      | Noticed Crazy Yiuf
  1584 | D:3      | Reached skill level 5 in Unarmed Combat
  1629 | D:3      | Noticed Jessica
  1633 | D:3      | Killed Jessica
  1634 | D:3      | Reached XP level 5. HP: 50/50 MP: 4/4
  1639 | D:3      | Found a radiant altar of Vehumet.
  1678 | D:3      | Found a faded altar of an unknown god.
  1831 | D:3      | Identified the ring of the Villain {*Corrode rPois rF++
                  | EV+4}
  1928 | D:3      | Mangled by Crazy Yiuf

Illustrated notes

Levels and vault maps discovered:
D:1:      lightli_arrival_chessboard, layout_rooms
D:2:      layout_basic
D:3:      layout_basic, nicolae_vehumet_altar_sigil,
          hellmonk_ecumenical_altar_prayer_group, kennysheep_boxes,
          uniq_crazy_yiuf_cottage, uniq_jessica

Skill      XL: |  1  2  3  4 |
---------------+-------------+-----
Unarmed Combat | 3 4 5 |  5.3
Fighting       | |  2.4
Dodging        | |  2.4
Shields        | |  2.6

Action                   |  1- 3 |  4- 6 || total
-------------------------+-------+-------++-------
Melee: Unarmed           |   117 |    32 ||   149
  Use: Potion            |       |     1 ||     1
 Stab: Sleeping          |     1 |       ||     1
Armor: Robe              |    33 |     7 ||    40
Dodge: Dodged            |    42 |     5 ||    47
Block: Kite shield       |    47 |     8 ||    55

Table legend: (Time is in decaauts)
 A = Elapsed time spent in this place.
 B = Non-inter-level travel time spent in this place.
 C = Inter-level travel time spent in this place.
 D = Time resting spent in this place.
 E = Time spent auto-exploring this place.
 F = Levels seen in this place.
 G = Mean time per level.
                   A        B        C        D        E       F      G
               +--------+--------+--------+--------+--------+-----+--------+
         Total |   1938 |   1894 |     44 |    100 |   1428 |   3 |  646.0 |
       Dungeon |   1938 |   1894 |     44 |    100 |   1428 |   3 |  646.0 |
               +--------+--------+--------+--------+--------+-----+--------+

Top non-repeatable levels by time:
     D:3: 760 daAuts
     D:1: 605 daAuts
     D:2: 572 daAuts
